[Event "Team 45 45 League T39"]
[Site "Internet Chess Club"]
[Date "2008.11.07"]
[Round "3"]
[White "kjs110"]
[Black "klt713"]
[Result "1-0"]
[WhiteElo "1160"]
[BlackElo "1125"]
[Opening "Sicilian defense"]
[ECO "B40"]
[Time "13:49:01"]
[TimeControl "2700+45"]

1. e4 c5 2. Nf3 e6 3. g3 d6 4. Bg2 Nf6 5. Nc3 Nc6 6. O-O Bd7 7. d3 Be7 8. Re1 e5
9. Bg5 h6 10. Bxf6 Bxf6 11. Nd5 Rg8 12. Nd2 Ne7 13. Nxf6+ gxf6 14. Nc4 Be6 15.
Qh5 Rh8 16. Qh4 Ng6 17. Qh5 Qe7 18. Rf1 O-O-O 19. f4 exf4 20. gxf4 Rdg8 21. f5
Bxc4 22. fxg6 fxg6 23. Qh3+ Be6 24. Qf3 Rf8 25. Qg3 g5 26. Rf3 h5 27. Raf1 h4
28. Qf2 Rh6 29. c3 g4 30. Rf4 h3 31. Bh1 Qg7 32. d4 Bc4 33. Re1 Qg5 34. e5 g3
35. Qxg3 Qxg3+ 36. hxg3 h2+ 37. Kf2 Bxa2 38. Ra1 Be6 39. Rxa7 Kb8 40. Rxb7+ Kc8
41. exd6 Rf7 42. Rxf7 Bxf7 43. dxc5 Kd7 44. Rh4 Rh5 45. Rxh5 Bxh5 46. Kg2 f5 47.
Kxh2 Be2 48. Kg2 Bb5 49. Kf2 Ba4 50. Ke3 Bb5 51. Kf4 Bd3 52. b4 Bc2 53. b5 Ba4
54. b6 Bc6 55. Bxc6+ Kxc6 56. Kxf5 {Black resigns} 1-0

[Event "Team 45 45 League T39"]
[Site "Internet Chess Club"]
[Date "2008.11.11"]
[Round "3"]
[White "Razorbackchess"]
[Black "az2112"]
[Result "1/2-1/2"]
[WhiteElo "1757"]
[BlackElo "1687"]
[Opening "QGD: Chigorin defense"]
[ECO "D07"]
[Time "21:00:30"]
[TimeControl "2700+45"]

1. d4 d5 2. c4 Nc6 3. e3 e5 4. cxd5 Qxd5 5. Nc3 Bb4 6. Bd2 Bxc3 7. Bxc3 exd4 8.
Ne2 Nge7 9. Nxd4 Nxd4 10. Bxd4 O-O 11. Bc3 Qg5 12. Be2 Qxg2 13. Bf3 Qh3 14. Rg1
f6 15. Rg3 Qf5 16. Bb4 c5 17. Qd6 cxb4 18. Qxe7 Rf7 19. Qe8+ Rf8 20. Qe7 Rf7 21.
Qe8+ Rf8 {Game drawn by mutual agreement} 1/2-1/2

[Event "Team 45 45 League T39"]
[Site "Internet Chess Club"]
[Date "2008.11.07"]
[Round "3"]
[White "Chess2Play"]
[Black "sean98"]
[Result "0-1"]
[WhiteElo "1630"]
[BlackElo "1715"]
[Opening "Grünfeld: Stockholm variation"]
[ECO "D80"]
[Time "17:03:24"]
[TimeControl "2700+45"]

1. d4 Nf6 2. c4 g6 3. Nc3 d5 4. Bg5 Bg7 5. e3 O-O 6. Nf3 Bg4 7. cxd5 Re8 8. h3
Bf5 9. Bb5 Bd7 10. Qa4 a6 11. Bxd7 Nbxd7 12. O-O Nb6 13. Qb3 Rb8 14. Bxf6 Bxf6
15. Ne5 Qd6 16. Rac1 Bxe5 17. dxe5 Qxe5 18. Rfd1 Red8 19. Rc2 Rd7 20. Rcd2 Nc8
21. Na4 Nd6 22. Nc5 Rdd8 23. Nxa6 bxa6 24. Qc2 Ne4 25. Rd4 Nf6 26. b3 Rxd5 27.
Rxd5 Nxd5 28. Qc5 e6 29. Qa5 Rb6 30. Qc5 Qc3 31. Rxd5 Qa1+ 32. Kh2 exd5 33. Qxc7
Qf6 34. Qd7 Rd6 35. Qc7 d4 36. exd4 Rxd4 37. Qc2 Qe5+ 38. g3 Qe4 39. Qc8+ Kg7
40. Qxa6 Qe1 41. Kg2 Qe4+ 42. Kh2 Rd1 {White resigns} 0-1

[Event "Team 45 45 League T39"]
[Site "Internet Chess Club"]
[Date "2008.11.07"]
[Round "3"]
[White "kingphisch"]
[Black "Manch"]
[Result "0-1"]
[WhiteElo "1510"]
[BlackElo "1572"]
[Opening "Sicilian: Grand Prix attack"]
[ECO "B23"]
[Time "12:04:39"]
[TimeControl "2700+45"]

1. e4 c5 2. Nc3 Nc6 3. f4 g6 4. Nf3 Bg7 5. Bb5 Nd4 6. O-O Nxb5 7. Nxb5 d6 8. d3
a6 9. Nc3 b5 10. Qe1 Bb7 11. f5 Nf6 12. fxg6 fxg6 13. e5 dxe5 14. Nxe5 Qd4+ 15.
Kh1 O-O 16. Nf3 Qd6 17. Ne4 Nxe4 18. dxe4 Rad8 19. c3 e5 20. Bg5 Bf6 21. Qh4
Bxg5 22. Nxg5 Rxf1+ 23. Rxf1 Rd7 24. Qf2 Qe7 25. Nf7 Qxf7 26. Qxf7+ Rxf7 27.
Rxf7 Kxf7 28. Kg1 Bxe4 29. Kf2 Ke6 30. g3 Bb1 31. a3 a5 32. Ke3 Kd5 33. h3 h5
34. b4 cxb4 35. cxb4 axb4 36. axb4 Kc4 {White resigns} 0-1

[Event "Team 45 45 League T39"]
[Site "Internet Chess Club"]
[Date "2008.11.07"]
[Round "3"]
[White "GolfSuper"]
[Black "Elita499"]
[Result "0-1"]
[WhiteElo "1599"]
[BlackElo "1677"]
[Opening "Ruy Lopez: Marshall, main line, 14...Qh3"]
[ECO "C89"]
[Time "19:01:06"]
[TimeControl "2700+45"]

1. e4 e5 2. Nf3 Nc6 3. Bb5 a6 4. Ba4 Nf6 5. O-O Be7 6. Re1 b5 7. Bb3 O-O 8. c3
d5 9. exd5 Nxd5 10. Nxe5 Nxe5 11. Rxe5 c6 12. d4 Bd6 13. Re1 Qh4 14. g3 Qh3 15.
Qf3 Bg4 16. Qg2 Qh5 17. Bxd5 cxd5 18. Nd2 Rae8 19. Re3 Bh3 20. Qf3 Rxe3 21. fxe3
Bg4 22. Qf2 Re8 23. Nf1 Re6 24. Bd2 Rf6 25. Qe1 Bh3 {White resigns} 0-1

[Event "Team 45 45 League T39"]
[Site "Internet Chess Club"]
[Date "2008.11.08"]
[Round "3"]
[White "OOB1"]
[Black "allanchs"]
[Result "1-0"]
[WhiteElo "1490"]
[BlackElo "1536"]
[Opening "Three knights game"]
[ECO "C46"]
[Time "17:07:44"]
[TimeControl "2700+45"]

1. e4 e5 2. Nf3 Nc6 3. Nc3 Bb4 4. Nd5 Ba5 5. c3 Nf6 6. d4 d6 7. Bg5 a6 8. dxe5
dxe5 9. Nxf6+ gxf6 10. Qxd8+ Nxd8 11. Bxf6 Rg8 12. Nxe5 Be6 13. g3 b5 14. Bg2
Rb8 15. Rd1 c5 16. Rd6 Bc7 17. Rxa6 Bxe5 18. Bxe5 Rc8 19. O-O Bc4 20. Re1 Ne6
21. b3 Bd3 22. Ra5 Rg6 23. Bf1 Bxf1 24. Kxf1 b4 25. cxb4 cxb4 26. h4 Nc5 27. Rc1
Rgc6 28. f3 Nd3 29. Rxc6 Rxc6 30. Ke2 Nxe5 31. Rxe5+ Kd7 32. Kd2 Rc3 33. Rd5+
Ke6 34. Rd3 Rc5 35. f4 f6 36. Ke3 Rc2 37. f5+ Ke7 38. Rd2 Rc3+ 39. Kf4 Rc1 40.
Rd4 Rf1+ 41. Kg4 Rf2 42. Rxb4 Rxa2 43. Rb7+ {Black resigns} 1-0

[Event "Team 45 45 League T39"]
[Site "Internet Chess Club"]
[Date "2008.11.05"]
[Round "3"]
[White "Just-Jim"]
[Black "Traho"]
[Result "1-0"]
[WhiteElo "1425"]
[BlackElo "1271"]
[Opening "Caro-Kann: classical variation"]
[ECO "B18"]
[Time "18:53:40"]
[TimeControl "2700+45"]

1. e4 c6 2. d4 d5 3. Nc3 dxe4 4. Nxe4 Bf5 5. Bd3 h6 6. c3 e6 7. Ne2 Nd7 8. O-O
Ngf6 9. N2g3 Nh7 10. Nxf5 exf5 11. Ng3 g6 12. Re1+ Be7 13. Bxh6 Ndf6 14. Bxf5
Qd6 15. Qd3 Kd8 16. Bh3 Nf8 17. Bg7 Rg8 18. Bxf6 Bxf6 19. Qf3 Kc7 20. Ne4 {Black
resigns} 1-0

[Event "Team 45 45 League T39"]
[Site "Internet Chess Club"]
[Date "2008.11.09"]
[Round "3"]
[White "Kingangyal"]
[Black "reverendjim"]
[Result "1/2-1/2"]
[WhiteElo "1317"]
[BlackElo "1225"]
[Opening "Queen's bishop game"]
[ECO "D00"]
[Time "11:31:31"]
[TimeControl "2700+45"]

1. d4 d5 2. Bf4 Nf6 3. Nf3 c5 4. c3 Qb6 5. Qb3 Qxb3 6. axb3 cxd4 7. Nxd4 Nc6 8.
Nb5 Kd7 9. N5a3 e5 10. Bg3 Nh5 11. e3 Nxg3 12. hxg3 g6 13. Be2 Bg7 14. O-O Ke7
15. Nc2 Bf5 16. Ne1 h5 17. Nf3 Bf6 18. Rd1 Be6 19. Bb5 e4 20. Nd4 Nxd4 21. exd4
h4 22. gxh4 Rxh4 23. Nd2 Rah8 24. f3 Rh1+ 25. Kf2 e3+ 26. Kxe3 Rxd1 27. Rxd1 Rh2
28. Bf1 Bg5+ 29. f4 Bh6 30. g3 g5 31. Nf3 gxf4+ 32. gxf4 Bg4 33. Nxh2 Bxd1 34.
b4 f5 35. Nf3 Bxf3 36. Kxf3 Kd6 37. b5 Bf8 38. Ke3 Kc7 39. b4 Kb6 40. Kf3 a5 41.
bxa5+ Kxa5 42. Ke3 Ba3 43. Bh3 Bc1+ 44. Kf3 Kxb5 45. Bxf5 Kc4 46. Be6 Bb2 47. f5
Bxc3 48. f6 Bxd4 49. f7 Bg7 50. Kf4 Kd4 51. Kf5 Bf8 52. Kg6 Ke5 53. Bc8 b5 54.
Kh7 Kf6 55. Kg8 Ke7 56. Be6 d4 57. Bf5 b4 58. Bc2 b3 59. Bxb3 d3 60. Ba4 d2 61.
Bb3 Bh6 62. Bc2 Bf8 {Game drawn by mutual agreement} 1/2-1/2

[Event "Team 45 45 League T39"]
[Site "Internet Chess Club"]
[Date "2008.11.07"]
[Round "3"]
[White "chips"]
[Black "Esslinger"]
[Result "0-1"]
[WhiteElo "1159"]
[BlackElo "1159"]
[Opening "English opening"]
[ECO "A20"]
[Time "19:03:35"]
[TimeControl "2700+45"]

1. c4 e5 2. d3 Nf6 3. e4 Bc5 4. Bg5 O-O 5. Bxf6 Qxf6 6. Qf3 Bd4 7. Qxf6 gxf6 8.
Nc3 d6 9. Rc1 Nc6 10. Nf3 Bb6 11. Be2 Bg4 12. O-O Kh8 13. Ne1 Be6 14. Nf3 Rg8
15. g3 a6 16. Kg2 Nd4 17. Nxd4 Bxd4 18. b3 f5 19. Bf3 f4 20. Ne2 Bc5 21. Rcd1
fxg3 22. fxg3 Rg6 23. d4 Bb6 24. d5 Bd7 25. Bh5 Rh6 26. g4 f6 27. h3 Be8 28. Ng3
Be3 29. Nf5 Bxh5 30. gxh5 Rg8+ 31. Kf3 Rxh5 32. Kxe3 Rxh3+ 33. Rf3 Rh2 34. Rf2
Rh3+ 35. Rf3 Rh2 36. a4 Rb2 37. Rd3 Rgg2 38. Ng3 Rb1 39. Ne2 Rb2 40. Rf2 Rg6 41.
Rf3 h5 42. Rg3 Rg5 43. Rh3 Kg7 44. Ng3 Kg6 45. Nf5 Rbg2 46. Kf3 Rg1 47. Rg3 Rf1+
48. Ke2 Rf4 49. Rde3 h4 50. Rxg5+ fxg5 51. Ne7+ Kh5 52. Kd3 g4 53. Nf5 g3 54.
Nxg3+ hxg3 55. Rxg3 Rg4 56. Rh3+ Rh4 57. Rxh4+ Kxh4 58. Ke3 Kg3 59. b4 b6 60. b5
a5 61. Ke2 Kf4 62. Kd3 Kf3 63. Kd2 Kxe4 64. Ke2 Kd4 65. Kf3 Kxc4 66. Kg4 Kxd5
67. Kf5 Kc5 {White resigns} 0-1

[Event "Team 45 45 League T39"]
[Site "Internet Chess Club"]
[Date "2008.11.09"]
[Round "3"]
[White "JoseCapablanca"]
[Black "hz1038"]
[Result "1-0"]
[WhiteElo "984"]
[BlackElo "816"]
[Opening "Ruy Lopez: Alapin's defense"]
[ECO "C60"]
[Time "12:00:08"]
[TimeControl "2700+45"]

1. e4 e5 2. Nf3 Nc6 3. Bb5 Bb4 4. O-O Nf6 5. d3 O-O 6. Bd2 d6 7. a3 Ba5 8. b4
Bb6 9. Nc3 Bg4 10. Bg5 h6 11. Bh4 a6 12. Bc4 Rb8 13. Nd5 Ba7 14. Nxf6+ Kh8 15.
Qd2 Bxf3 16. gxf3 Qc8 17. Bg3 Qh3 18. Nd7 Rfd8 19. Nxb8 Rxb8 20. Bxf7 Rf8 21.
Bd5 Ne7 22. Bxb7 Rb8 23. Bxa6 Rb6 24. Bc4 Rc6 25. b5 Rb6 26. a4 Rb7 27. f4 Ng6
28. fxe5 dxe5 29. Bd5 Rb8 30. a5 c6 31. Bxc6 Kg8 32. c4 Kh8 33. b6 Bxb6 34. axb6
Rxb6 35. Ra8+ Kh7 36. c5 Rxc6 37. d4 exd4 38. Qxd4 Rb6 39. cxb6 Ne7 40. b7 Nc6
41. Qd5 Ne7 42. Qd6 Ng8 43. b8=Q Nf6 44. e5 Ne4 45. Qd3 g6 46. Qxe4 Qd7 47. Ra7
Qg7 48. Rxg7+ Kxg7 49. Qbb7+ {Black resigns} 1-0

[Event "Team 45 45 League T39"]
[Site "Internet Chess Club"]
[Date "2008.11.07"]
[Round "3"]
[White "carolinaknight"]
[Black "Prop"]
[Result "0-1"]
[WhiteElo "1123"]
[BlackElo "1341"]
[Opening "Danish gambit"]
[ECO "C21"]
[Time "20:05:51"]
[TimeControl "2700+45"]

1. e4 e5 2. d4 exd4 3. c3 dxc3 4. Bc4 Qf6 5. Nxc3 Bb4 6. Bd2 Bc5 7. Nf3 Nh6 8.
h3 O-O 9. O-O Nc6 10. Re1 Nd4 11. Bg5 Nxf3+ 12. gxf3 Qxg5+ {White resigns} 0-1

[Event "Team 45 45 League T39"]
[Site "Internet Chess Club"]
[Date "2008.11.08"]
[Round "3"]
[White "Graybeard"]
[Black "furrbrain"]
[Result "1/2-1/2"]
[WhiteElo "1207"]
[BlackElo "1221"]
[Opening "French: Winawer, advance variation"]
[ECO "C18"]
[Time "17:00:11"]
[TimeControl "2700+45"]

1. e4 e6 2. d4 d5 3. Nc3 Bb4 4. e5 c5 5. a3 Bxc3+ 6. bxc3 Qb6 7. Be3 Nc6 8. Qb1
Qxb1+ 9. Rxb1 cxd4 10. cxd4 a6 11. c3 Nge7 12. Bd3 Nf5 13. Bxf5 exf5 14. Ne2 O-O
15. O-O b5 16. Nf4 Bb7 17. Nxd5 Rad8 18. Nf4 Ne7 19. e6 f6 20. c4 Be4 21. Rb2
bxc4 22. Rb6 Nd5 23. Rxa6 Nxf4 24. f3 Ne2+ 25. Kh1 Bd3 26. Ra1 Nxd4 27. e7 Rfe8
28. exd8=Q Rxd8 29. Rd1 Nc2 30. Bc5 Kf7 31. Bb4 Ne3 32. Rd2 c3 33. Bxc3 Bxa6 34.
Rxd8 Bf1 35. Rd2 Nc4 36. Rf2 Ne3 37. Kg1 Bc4 38. Bd4 Nd1 39. a4 Nxf2 40. Kxf2
Ke6 41. Ke3 Kd5 42. f4 Bf1 43. g3 Ba6 44. a5 Kc4 45. h3 h5 46. h4 Kb4 47. Bb6
Kc4 48. Bd8 Kd5 49. Bb6 Kc4 {Game drawn by mutual agreement} 1/2-1/2

[Event "Team 45 45 League T39"]
[Site "Internet Chess Club"]
[Date "2008.11.07"]
[Round "3"]
[White "PsyMar"]
[Black "jocooper"]
[Result "0-1"]
[WhiteElo "1088"]
[BlackElo "1203"]
[Opening "Pirc defense"]
[ECO "B07"]
[Time "20:58:56"]
[TimeControl "2700+45"]

1. e4 d6 2. d4 Nf6 3. Qf3 Bg4 4. Qf4 Qc8 5. h3 Bh5 6. Be2 Bxe2 7. Nxe2 g6 8. O-O
Bg7 9. e5 Nd5 10. Qe4 e6 11. c4 Ne7 12. Bg5 d5 13. cxd5 exd5 14. Qh4 Nf5 15. Qg4
O-O 16. Ng3 h5 17. Qf3 Nxd4 18. Qxd5 Nc2 19. Be7 Re8 20. Bf6 Nxa1 21. Bxg7 Kxg7
22. Na3 c6 23. Qd6 Re6 24. Qd4 Nd7 25. Rxa1 Nxe5 26. Nc4 Qc7 27. f4 Rd8 28. Qc3
Rd3 29. Qa5 b6 30. Qxe5+ Qxe5 31. Nxe5 Rxg3 32. Re1 f6 33. Nf3 Rxe1+ 34. Nxe1 f5
35. Nc2 Rd3 36. Nb4 Rd2 37. b3 c5 38. Nc6 Rxa2 39. b4 c4 40. Nd4 c3 41. Kh2 c2
42. Ne2 Kf6 43. Nc1 Rb2 44. Nd3 Rb1 45. g4 c1=Q 46. Nxc1 Rxc1 47. b5 h4 48. gxf5
gxf5 49. Kg2 Rc3 50. Kf2 Rxh3 51. Kg2 Rg3+ 52. Kf2 Kg6 53. Ke2 Kh5 54. Kf2 Kg4
55. Ke2 Rf3 56. Kd2 h3 57. Ke2 h2 58. Ke1 h1=Q+ 59. Ke2 Qg2+ 60. Kd1 Rf1# {White
checkmated} 0-1

[Event "Team 45 45 League T39"]
[Site "Internet Chess Club"]
[Date "2008.11.08"]
[Round "3"]
[White "WannaB"]
[Black "WzeroMN"]
[Result "1-0"]
[WhiteElo "1130"]
[BlackElo "1066"]
[Opening "Scotch opening"]
[ECO "C44"]
[Time "16:00:10"]
[TimeControl "2700+45"]

1. e4 e5 2. Nf3 Nc6 3. d4 d6 4. Bc4 Be6 5. Bb5 Bd7 6. O-O exd4 7. c3 dxc3 8.
Nxc3 Nf6 9. Re1 Ne5 10. Bxd7+ Nfxd7 11. Nxe5 dxe5 12. a3 Be7 13. Nd5 Bd6 14. b4
c6 15. Ne3 O-O 16. Qxd6 Re8 17. Bb2 Re6 18. Qd2 Nf6 19. Qxd8+ Rxd8 20. Red1
Rxd1+ 21. Rxd1 h6 22. f3 Re7 23. Nf5 Rd7 24. Rxd7 {Black resigns} 1-0

[Event "Team 45 45 League T39"]
[Site "Internet Chess Club"]
[Date "2008.11.10"]
[Round "3"]
[White "PJ"]
[Black "SugarIslander"]
[Result "1-0"]
[WhiteElo "1766"]
[BlackElo "1651"]
[Opening "Ruy Lopez: closed"]
[ECO "C90"]
[Time "14:04:40"]
[TimeControl "2700+45"]

1. e4 e5 2. Nf3 Nc6 3. Bb5 a6 4. Ba4 Nf6 5. O-O b5 6. Bb3 Be7 7. Re1 d6 8. c3
Bg4 9. d3 Qd7 10. Nbd2 h5 11. Nf1 Nd8 12. h3 Ne6 13. hxg4 hxg4 14. Bxe6 Qxe6 15.
N3h2 O-O-O 16. Bg5 Rh5 17. Bxf6 Bxf6 18. Qxg4 Qxg4 19. Nxg4 Rdh8 20. Ngh2 c6 21.
a4 Kb7 22. axb5 cxb5 23. Ra2 Bd8 24. b4 Bb6 25. Rea1 Ra8 26. g3 f5 27. exf5 Rxf5
28. Ne3 Rh5 29. Nd5 Rah8 30. Nf1 Ra8 31. Nxb6 Kxb6 32. c4 bxc4 33. dxc4 e4 34.
Ne3 Kb7 35. Ra5 Rh7 36. b5 Rah8 37. bxa6+ Ka7 38. Kf1 Rh1+ 39. Ke2 Rxa1 40. Rxa1
g6 41. Rd1 Rd8 42. c5 Kxa6 43. Rxd6+ Rxd6 44. cxd6 Kb7 45. Nc4 Kc6 46. Ke3 Kd7
47. Kxe4 Ke6 48. Kf4 Kf6 49. Ke4 Ke6 50. f4 Kd7 51. g4 Ke6 52. f5+ gxf5+ 53.
gxf5+ Kd7 54. Kd5 Ke8 55. Ne5 Kd8 56. f6 Ke8 57. Ke6 Kd8 58. f7 {Black resigns}
1-0

[Event "Team 45 45 League T39"]
[Site "Internet Chess Club"]
[Date "2008.11.08"]
[Round "3"]
[White "oldsj"]
[Black "AlterEgo"]
[Result "1-0"]
[WhiteElo "1579"]
[BlackElo "1430"]
[Opening "Scandinavian: Pytel-Wade variation"]
[ECO "B01"]
[Time "09:01:38"]
[TimeControl "2700+45"]

1. e4 d5 2. exd5 Qxd5 3. Nc3 Qd6 4. Nf3 a6 5. Bc4 Bg4 6. d3 h6 7. Be3 Nc6 8. Qe2
e6 9. O-O-O Nf6 10. Ne4 Nxe4 11. dxe4 Qe5 12. h3 Bxf3 13. Qxf3 Bd6 14. Rd2 O-O
15. Kb1 f5 16. exf5 Rxf5 17. Qg4 Qf6 18. h4 Rf8 19. Qe2 Ne5 20. Bb3 Kh8 21. g4
Rf3 22. Bd4 Qf4 23. g5 Ng4 24. gxh6 Qxh6 25. Rg1 Qxh4 26. Rdd1 Rxf2 27. Qxg4
Qxg4 28. Rxg4 R2f4 {Black resigns} 1-0

[Event "Team 45 45 League T39"]
[Site "Internet Chess Club"]
[Date "2008.11.09"]
[Round "3"]
[White "medsurg"]
[Black "sra66"]
[Result "1-0"]
[WhiteElo "1462"]
[BlackElo "1649"]
[Opening "Nimzo-Indian: classical, Noa variation, 5.a3"]
[ECO "E36"]
[Time "19:11:28"]
[TimeControl "2700+45"]

1. d4 Nf6 2. c4 e6 3. Nc3 Bb4 4. Qc2 d5 5. a3 Bxc3+ 6. Qxc3 O-O 7. f3 c5 8. Bg5
Nbd7 9. e3 Qc7 10. Bd3 b6 11. Ne2 Bb7 12. dxc5 bxc5 13. O-O Rfe8 14. Rac1 e5 15.
cxd5 Nxd5 16. Qd2 N5f6 17. e4 Qb6 18. Kh1 Rad8 19. Be3 Qd6 20. Rfd1 Rc8 21. Qa5
a6 22. Ng3 Rc6 23. Nf5 Qc7 24. Qxc7 Rxc7 25. Nd6 Rb8 26. Bc4 Kf8 27. Nxf7 Nb6
28. Nxe5 Re8 29. Nd3 Nfd7 30. Nf4 Nxc4 31. Rxc4 Ke7 32. Bf2 g5 33. Nd5+ Bxd5 34.
Rxd5 Nb6 35. Bxc5+ Rxc5 36. Rcxc5 Nxd5 37. Rxd5 Rb8 38. Rd2 Ke6 39. Kg1 Ke5 40.
Kf2 Rb3 41. Kg3 h5 42. h3 Kf6 43. Kf2 a5 44. Re2 Ke5 45. Rd2 Kf4 46. g3+ Ke5 47.
Rd5+ Kf6 48. f4 Rxb2+ 49. Ke3 Rb3+ 50. Rd3 gxf4+ 51. gxf4 Rb2 52. Kd4 Rh2 53.
Kc3 Rf2 54. Rd6+ Ke7 55. Rd5 Rf3+ 56. Kd4 Rxh3 57. Rxa5 h4 58. a4 Rf3 59. Re5+
Kf6 60. Rf5+ Ke6 61. a5 h3 62. Rh5 Ra3 63. f5+ Kf7 64. a6 Rxa6 65. Rxh3 Ra4+ 66.
Ke5 Ra5+ 67. Kf4 Ra4 68. Rb3 Ra1 69. Rb5 Ra4 70. Ke5 Ra6 71. Rb7+ Ke8 72. f6 Kf8
73. Kf5 Rd6 74. e5 Rd2 75. Ke6 Rd8 76. Rd7 Re8+ 77. Kd6 Rc8 78. e6 Re8 79. e7+
Kf7 80. Rd8 Rg8 81. Rxg8 Kxg8 82. e8=Q+ Kh7 83. f7 Kg7 84. f8=Q+ Kh7 85. Qh5#
{Black checkmated} 1-0

[Event "Team 45 45 League T39"]
[Site "Internet Chess Club"]
[Date "2008.11.10"]
[Round "3"]
[White "beerss"]
[Black "ticopatzer"]
[Result "0-1"]
[WhiteElo "1469"]
[BlackElo "1478"]
[Opening "Bird: From gambit"]
[ECO "A02"]
[Time "20:00:21"]
[TimeControl "2700+45"]

1. f4 e5 2. fxe5 d6 3. e4 dxe5 4. Nf3 Nc6 5. Bb5 Bd7 6. c3 Nf6 7. d3 Bc5 8. h3
Qe7 9. Bg5 h6 10. Bxf6 Qxf6 11. Nbd2 Qg6 12. Qe2 Qg3+ 13. Kd1 O-O-O 14. Bxc6
Bxc6 15. Nc4 Rxd3+ 16. Qxd3 Rd8 17. Qxd8+ Kxd8 18. Nfxe5 Bxe4 19. Nxf7+ Ke8 20.
Nfe5 Qxg2 21. Rc1 Qxh1+ 22. Kd2 Qg2+ 23. Kd1 Bf3+ 24. Nxf3 Qxf3+ 25. Kc2 Qe2+
26. Kb3 b5 27. Na5 Qe6+ 28. Kc2 Qxh3 29. Re1+ Kf8 30. Nb3 Bd6 31. Nd4 Qg2+ 32.
Kb3 h5 33. a3 h4 34. Ne6+ Kf7 35. Nd4 h3 36. Re3 h2 37. Rf3+ Qxf3 38. Nxf3 h1=Q
39. Ng5+ Kg6 40. Ne6 Qd5+ {White resigns} 0-1

[Event "Team 45 45 League T39"]
[Site "Internet Chess Club"]
[Date "2008.11.07"]
[Round "3"]
[White "cityprosecutor"]
[Black "ShanghaiTom"]
[Result "1-0"]
[WhiteElo "1820"]
[BlackElo "1743"]
[Opening "Scotch: Göring gambit"]
[ECO "C44"]
[Time "22:01:34"]
[TimeControl "2700+45"]

1. e4 e5 2. Nf3 Nc6 3. d4 exd4 4. c3 d3 5. Bxd3 d6 6. h3 Nf6 7. O-O Be6 8. Nd4
Bd7 9. Bf4 h6 10. Re1 Be7 11. Nd2 O-O 12. N2f3 Nh7 13. Qc2 Ng5 14. Nxg5 Bxg5 15.
Bg3 Re8 16. Rad1 Bf6 17. Nxc6 Bxc6 18. e5 Bh4 19. Bxh4 Qxh4 20. exd6 Rxe1+ 21.
Rxe1 cxd6 22. Qd2 Qf6 23. Qe3 Kf8 24. Rd1 Qe5 25. Qd2 Rd8 26. a3 Qd5 27. Bf1
Qxd2 28. Rxd2 Ke7 29. f4 Kd7 30. Bc4 f6 31. Bf7 g5 32. f5 Rf8 33. Bg6 Be4 34. c4
Rc8 35. Rd4 Bb1 36. b4 b6 37. Kf2 Ba2 38. Bf7 Ke7 39. Be6 Rc7 40. Re4 Kd8 41.
Rd4 Ke7 42. Ke3 a5 43. bxa5 bxa5 44. c5 Rxc5 45. Bxa2 Rxf5 46. Rd5 Re5+ 47.
Rxe5+ dxe5 48. Ke4 Kd6 49. Kf5 Kc5 50. Bb1 Kd4 51. Be4 Ke3 52. Bc6 Kd4 53. Kxf6
e4 54. Kg6 e3 55. Bf3 {Black resigns} 1-0

[Event "Team 45 45 League T39"]
[Site "Internet Chess Club"]
[Date "2008.11.09"]
[Round "3"]
[White "clarinetref"]
[Black "mongmong"]
[Result "0-1"]
[WhiteElo "1703"]
[BlackElo "1698"]
[Opening "Réti opening"]
[ECO "A04"]
[Time "20:07:21"]
[TimeControl "2700+45"]

1. Nf3 e6 2. d3 Nf6 3. Nbd2 d5 4. e4 Be7 5. g3 c5 6. Bg2 b5 7. O-O Bb7 8. Re1
O-O 9. e5 Nfd7 10. h4 a5 11. c3 Nc6 12. Nf1 c4 13. d4 b4 14. N1h2 bxc3 15. bxc3
Nb6 16. a4 Na7 17. Bg5 Bc6 18. Bxe7 Qxe7 19. Ra2 Qd7 20. Qb1 Nxa4 21. Ng5 g6 22.
Ng4 Qe7 23. Nf6+ Kg7 24. Qc2 h6 25. Nh3 Rh8 26. Rea1 Rab8 27. Rxa4 Bxa4 28. Rxa4
Nc6 29. Nf4 Rb3 30. Ne2 Qb7 31. Ra2 Rb8 32. Qd2 Rb2 33. Rxb2 Qxb2 34. Qe3 Qc2
35. Nd7 Rb2 36. Bf3 Qd2 37. Qxd2 Rxd2 38. Nc5 Ra2 39. Kg2 a4 40. Nc1 Ra1 41.
Nxa4 Rxa4 42. g4 Ra3 43. Ne2 Na5 44. Kg3 Nb3 45. Bg2 Ra2 46. Bf1 Ra1 47. Bg2 Nc1
48. Nf4 Ra3 49. Bxd5 exd5 50. Nxd5 Ne2+ 51. Kf3 Nxc3 52. Nxc3 Rxc3+ 53. Ke4 Kf8
54. d5 Ke7 55. Kd4 Rc1 56. f4 c3 57. d6+ Kd7 58. Kd3 c2 59. Kd2 Rf1 60. Kxc2
Rxf4 61. h5 gxh5 62. gxh5 Rf5 63. Kd3 Rxe5 64. Kd4 Rxh5 {White resigns} 0-1

[Event "Team 45 45 League T39"]
[Site "Internet Chess Club"]
[Date "2008.11.10"]
[Round "3"]
[White "ElMarginal"]
[Black "whiterook"]
[Result "0-1"]
[WhiteElo "1398"]
[BlackElo "1601"]
[Opening "Caro-Kann: advance variation"]
[ECO "B12"]
[Time "20:00:19"]
[TimeControl "2700+45"]

1. e4 c6 2. d4 d5 3. e5 c5 4. c3 Nc6 5. Bb5 cxd4 6. Qxd4 Bd7 7. Qxd5 a6 8. Ba4
Qc7 9. Nf3 e6 10. Qe4 Nge7 11. Bf4 Nd5 12. Bg3 Qb6 13. Qc2 Be7 14. Nbd2 Qc7 15.
Qe4 b5 16. Bb3 Nb6 17. O-O Na5 18. Bc2 Bc6 19. Qg4 g6 20. Ne4 Bxe4 21. Bxe4 Rd8
22. Nd4 Nd5 23. Rac1 Nc4 24. Bxd5 Rxd5 25. b3 Nxe5 26. Qe2 Bd6 27. f4 Nc6 28.
Nxe6 Qe7 29. Nd4 Nxd4 30. Qxe7+ Bxe7 31. cxd4 O-O 32. Rfe1 Bb4 33. Red1 Rfd8 34.
Bf2 Be7 35. Rc6 a5 36. Ra6 b4 37. g4 Bf8 38. Kg2 Bg7 39. Kf3 f5 40. Bh4 Rc8 41.
Rd2 fxg4+ 42. Kxg4 h5+ 43. Kf3 Rc3+ 44. Kg2 Rxd4 45. Rxd4 Bxd4 46. Rxa5 Rc2+ 47.
Kh3 Kf7 48. Ra6 Bg1 49. Bg3 Re2 50. Ra4 Bc5 51. Ra5 Be7 52. Ra7 Ke6 53. Ra6+ Kf7
54. Ra7 Ke8 55. Ra8+ Kd7 56. Ra7+ Kc6 57. Ra6+ Kd7 58. Ra7+ Kc8 59. Ra6 Kd7 60.
Rxg6 Rxa2 61. Rh6 Rb2 62. Rxh5 Rxb3 63. Rb5 Kc6 64. Re5 Bd6 65. Rf5 Rd3 66. Kg4
b3 67. Ra5 b2 68. Ra8 b1=Q 69. Rc8+ Kd7 70. Rg8 Qd1+ 71. Kh3 Rd2 72. Rg7+ Kc6
73. Rh7 Qf1+ 74. Kg4 Qe2+ 75. Kg5 Be7+ 76. Kg6 Rd6+ 77. Kg7 Qg4+ {White resigns}
0-1

[Event "Team 45 45 League T39"]
[Site "Internet Chess Club"]
[Date "2008.11.10"]
[Round "3"]
[White "Aquaman"]
[Black "Just-Jim"]
[Result "1-0"]
[WhiteElo "1369"]
[BlackElo "1360"]
[Opening "Blackmar gambit"]
[ECO "D00"]
[Time "14:30:10"]
[TimeControl "2700+45"]

1. d4 d5 2. e4 dxe4 3. Nc3 Bf5 4. f3 exf3 5. Nxf3 h6 6. Be3 Nc6 7. Bb5 Bd7 8. d5
Na5 9. O-O Bxb5 10. Nxb5 Nc4 11. Bc1 Nf6 12. Nc3 Nb6 13. Ne5 Nbxd5 14. Nxd5 Nxd5
15. Nxf7 Qd7 16. Nxh8 O-O-O 17. Nf7 Re8 18. Ne5 Qb5 19. Nd3 e6 20. b3 Qb6+ 21.
Kh1 Qd4 22. Bd2 Bd6 23. c4 Qh4 24. Nf4 Nxf4 25. Bxf4 Bxf4 26. Rxf4 Qxf4 27. h3
b6 28. Qe1 e5 29. c5 bxc5 30. Qa5 Qd4 31. Qa6+ Kb8 32. Qb5+ Kc8 33. Qxe8+ Kb7
34. Qb5+ Kc8 35. Rf1 Qd6 36. Qe8+ Kb7 37. Rf8 Qd1+ 38. Kh2 Qd6 39. Qa8+ Ka6 40.
Rd8 Qf6 41. Kg1 e4 42. Qc8+ Kb6 43. Qd7 Qa1+ 44. Kh2 Qe5+ 45. Kg1 Qa1+ 46. Kf2
Qb2+ 47. Ke3 Qc3+ 48. Kxe4 Qe1+ 49. Kf5 Qf2+ 50. Kg6 Qxg2+ 51. Kh7 Qe4+ 52. Kg8
Qe5 53. Rb8+ Ka5 54. Qb5# {Black checkmated} 1-0

[Event "Team 45 45 League T39"]
[Site "Internet Chess Club"]
[Date "2008.11.08"]
[Round "3"]
[White "Glassywoman"]
[Black "Manch"]
[Result "1-0"]
[WhiteElo "1409"]
[BlackElo "1548"]
[Opening "Sicilian defense"]
[ECO "B20"]
[Time "20:32:50"]
[TimeControl "2700+45"]

1. e4 c5 2. Bc4 e6 3. Nf3 Nc6 4. c3 d5 5. exd5 exd5 6. Bb5 a6 7. Bxc6+ bxc6 8.
O-O Nf6 9. h3 Be7 10. d4 O-O 11. Ne5 Qc7 12. Bf4 Bd6 13. Re1 Nd7 14. Nd2 f6 15.
Nxd7 Bxd7 16. Bxd6 Qxd6 17. Qb3 cxd4 18. cxd4 Rab8 19. Qc2 Qb4 20. Nb3 Rfe8 21.
Rxe8+ Bxe8 22. Rb1 a5 23. Qd1 Qa4 24. Ra1 Qb4 25. Rb1 Qa4 26. Ra1 Bg6 27. Qd2
Qb4 28. Qf4 a4 29. Nc5 Qxb2 30. Rc1 Rb4 31. Ne6 Rc4 32. Rxc4 dxc4 33. Qc7 Qc1+
34. Kh2 Qf4+ 35. Nxf4 Bf7 36. Qd8+ {Black resigns} 1-0